 Dungeon Crawl Stone Soup version 0.32-a0-931-g5a2cda0630 (webtiles) character file.

Game seed: 4239989278190932991

152191 bananaken the Brawler (level 16, -21/152 (165) HPs)
             Began as a Troll Monk on Apr 14, 2024.
             Was the Champion of Wu Jian.
             Demolished by an ettin
             ... wielding a +0 giant club of distortion
              (22 damage)
             ... on level 3 of the Abyss.
             The game lasted 01:15:23 (24515 turns).

bananaken the Brawler (Troll Monk)                 Turns: 24515, Time: 01:15:23

HP:   -21/152 (165) AC: 11    Str: 29    XL:     16   Next: 79%
MP:   0/15          EV:  9    Int: 11    God:    Wu Jian [******]
Gold: 3420          SH: 17    Dex: 12    Spells: 15/15 levels left

rFire   + .          .
                       - Unarmed
rCold   . . .        x - +4 tower shield
rNeg    + + .        H - +0 acid dragon scales
rPois   .            Q - +2 hat
rElec   .            p - scarf {+Inv}
rCorr   +            (gloves unavailable)
SInv    .            (boots unavailable)
Will    ++...        R - amulet of Jurraev {Spirit ^Fragile rN++ Int+5}
Stlth   +            O - ring of protection from fire
HPRegen 0.00/turn    s - +4 ring of slaying
MPRegen 0.14/turn

%: guardian spirit
@: sick, enlightened, flying, hasted, silenced, drained, very quick
A: large, unfitting armour, claws 3, regeneration 1, shaggy fur 1, tough skin 1
a: Renounce Religion, Evoke Invisibility, Wall Jump


You were on level 3 of the Abyss.
You worshipped Wu Jian.
Wu Jian was exalted by your worship.
You visited 7 branches of the dungeon, and saw 26 of its levels.
You visited the Abyss 1 time.
You also visited: Sewer, Ossuary, Gauntlet and Volcano.

You collected 3474 gold pieces.
You spent 54 gold pieces at shops.

Inventory:

Hand Weapons
 Z - a +8 great mace
Missiles
 z - 3 throwing nets
 M - 49 large rocks (quivered)
Armour
 c - an orb of light
 p - a scarf of invisibility (worn)
 x - a +4 tower shield (worn)
 H - +0 acid dragon scales (worn)
 Q - a +2 hat (worn)
Jewellery
 s - a +4 ring of slaying (right claw)
 A - a ring of flight
 E - a ring of protection from fire
 O - a ring of protection from fire (left claw)
 R - the amulet of Jurraev (around neck) {Spirit ^Fragile rN++ Int+5}
   (You took it off a minotaur in a Gauntlet)

   [amulet of guardian spirit]

   Spirit:    It causes incoming damage to be divided between your reserves of
   health and magic.
   Int+5:     It affects your intelligence (+5).
   rN++:      It greatly protects you from negative energy.
   ^Fragile:  It will be destroyed if unequipped.
 T - a ring of willpower
 V - a +6 ring of strength
Talismans
 q - the death talisman "Biheum Camag" {Will+}
   (You found it on level 4 of the Lair of Beasts)

   [talisman of death]

   Will+:     It increases your willpower.
Wands
 h - a wand of polymorph (21)
 i - a wand of charming (11)
 k - a wand of mindburst (3)
 L - a wand of digging (5)
Scrolls
 d - 4 scrolls of fog
 e - 8 scrolls of identify
 t - 6 scrolls of immolation
 v - 8 scrolls of teleportation
 y - 4 scrolls of poison
 G - a scroll of vulnerability
 I - 2 scrolls of butterflies
 J - 4 scrolls of fear
 K - 4 scrolls of enchant weapon
 N - 4 scrolls of revelation
 P - 2 scrolls of amnesia
 W - a scroll of acquirement
 X - a scroll of torment
 Y - a scroll of silence
Potions
 a - a potion of cancellation
 f - 5 potions of mutation
 j - 6 potions of brilliance
 m - a potion of haste
 n - 4 potions of might
 o - 2 potions of magic
 r - 9 potions of enlightenment
 w - 2 potions of curing
 B - 2 potions of lignification
 C - 4 potions of attraction
 D - 2 potions of resistance
Miscellaneous
 S - a phantom mirror (inert)
 U - a box of beasts


   Skills:
 + Level 11.9 Fighting
 - Level 7.6 Throwing
 - Level 6.7 Armour
 - Level 8.0 Dodging
 + Level 5.7 Shields
 * Level 19.1 Unarmed Combat
 + Level 10.4 Evocations


You had 15 spell levels left.
You didn't know any spells.
Your spell library contained the following spells:

 Spells                   Type           Power      Damage    Failure   Level
 Kiss of Death            Conj/Necr      0%         2d5       85%         1
 Sting                    Conj/Alch      0%         1d3       85%         1
 Jinxbite                 Hex            0%         N/A       94%         2
 Mercury Vapours          Alch/Air       0%         N/A       94%         2
 Scorch                   Fire           0%         2d5       94%         2
 Static Discharge         Conj/Air       0%         3-3/arc   94%         2
 Call Canine Familiar     Summ           0%         N/A       99%         3
 Confusing Touch          Hex            0%         N/A       99%         3
 Fugue of the Fallen      Necr           0%         N/A       99%         3
 Maxwell's Portable Pile  Tloc           0%         2d(5-13)  99%         3
 Ozocubu's Armour         Ice            0%         N/A       99%         3
 Sigil of Binding         Hex            0%         N/A       99%         3
 Stone Arrow              Conj/Erth      0%         3d7       99%         3
 Teleport Other           Tloc           0%         N/A       99%         3
 Animate Armour           Summ/Erth      0%         N/A       100%        4
 Dimensional Bullseye     Hex/Tloc       0%         N/A       100%        4
 Dispel Undead            Necr           0%         3d6       100%        4
 Flame Wave               Conj/Fire      0%         2d4       100%        4
 Leda's Liquefaction      Alch/Erth      0%         N/A       100%        4
 Olgreb's Toxic Radiance  Alch           0%         N/A       100%        4
 Vhi's Electric Charge    Tloc/Air       0%         N/A       100%        4
 Arcjolt                  Conj/Air       0%         1d10      100%        5
 Iskenderun's Battlesphe  Conj           0%         2d6       100%        5
 Lee's Rapid Deconstruct  Erth           0%         3d4*      100%        5
 Yara's Violent Unravell  Hex/Alch       0%         3d3       100%        5
 Conjure Ball Lightning   Conj/Air       0%         3x3d6     100%        6
 Dispersal                Tloc           0%         N/A       100%        6
 Gell's Gavotte           Tloc           0%         2d(11-16) 100%        6
 Permafrost Eruption      Ice/Erth       0%         2x4d1     100%        6
 Summon Cactus Giant      Summ           0%         N/A       100%        6
 Enfeeble                 Hex            0%         N/A       100%        7
 Manifold Assault         Tloc           0%         N/A       100%        7
 Lehudib's Crystal Spear  Conj/Erth      0%         10d2      100%        8
 Maxwell's Capacitive Co  Air            0%         ∞         100%        8


Dungeon Overview and Level Annotations

Branches:
Dungeon (15/15)            Temple (1/1) D:5            Lair (5/5) D:9
 Shoals (1/4) Lair:2       Spider (0/4) Lair:2        Slime (0/5) Lair:4
    Orc (2/2) D:10            Elf (1/3) Orc:2        Vaults (0/5) D:14
 Depths (1/4) D:15          Sewer (visited)         Ossuary (visited)
Volcano (visited)         Gauntlet (visited)

Altars:
Ashenzari
Cheibriados
Dithmenos
Elyvilon
Fedhas
Gozag
Hepliaklqana
Kikubaaqudgha
Makhleb
Nemelex Xobeh
Okawaru
Qazlal
Ru
Sif Muna
Trog
Uskayaw
Vehumet
Wu Jian
Xom
Yredelemnul
Zin
The Shining One
Beogh

Shops:
D:7 :   Orc:2 [(:=[

Portals:
Trove: D:14 (give 11 potions of heal wounds)

Annotations:
Shoals:1 Louise


Innate Abilities, Weirdness & Mutations

You are too large for most types of armour.
You have claws for hands.
Your natural rate of healing is unusually fast.
You are covered in fur. (AC +1)
You have tough skin. (AC +1)


Message History

You swing at nothing.
You eviscerate the flayed ghost!!!
The flayed ghost is severely damaged.
You start to feel less resistant.
You mangle the flayed ghost!!
You destroy the flayed ghost!
The Council accepts your kill.
You feel ill.
You scratch the ancient zyme.
The ancient zyme is lightly damaged.
The ancient zyme hits you but does no damage. x2
You eviscerate the ancient zyme!!!
The ancient zyme is almost destroyed.
You claw the ancient zyme!
You destroy the ancient zyme!
The Council accepts your kill.
You mangle the ettin!!
The ettin is moderately wounded.
You barely miss the ettin.
The ettin is moderately wounded.
The ettin hits you with a +0 giant club of distortion.
* * * LOW HITPOINT WARNING * * *
You blink.
Unknown command.
Unknown command.
Throw: 50 large rocks
Press: ? - help, Q - select action, (/) - cycle Shift-Dir - straight line, f/p - ettin
Aim: an ettin, wielding a +0 giant club of distortion and a +0 giant spiked club of chaos (silenced, moderately wounded, 85% to hit)
You throw a large rock. The large rock hits the ettin.
The ettin is heavily wounded.
Unknown command.
You mangle the ettin!!
The ettin is almost dead.
Your resistance to elements expires.
The ettin hits you with a +0 giant club of distortion!!!
* * * LOW HITPOINT WARNING * * *
Space warps around you.
* * * LOW HITPOINT WARNING * * *
The ettin hits you with a +0 giant spiked club of chaos!!
You die...

..## # ~. #
# . .#
##⌠.... #
#.#.#... +
.. .# ###
#. #> .#
.##.##⌠##
##.G.##~#
##
#.#.##)## .
# .# #
###~## ⌠ #
# .
##§#@#.#.##
# ##C####⌠
.. #
∩###~.⌠⌠..
. #
⌠⌠⌠⌠....#.
.
#.##.......
## #......
.. . .....
# # ##...
#.# . #


You could see an ettin.

Vanquished Creatures
  Rupert (Lair:5)
  Jorgrun (D:15)
  Mlioglotl (Shoals:1)
  A sphinx (Depths:1)
  An Executioner (Abyss:2)
  Agnes (D:15)
  A frost giant (Depths:1)
  A broodmother (Lair:4)
  A minotaur (Gauntlet)
  The ghost of Munuj the Summoner, a journeyman MDFi of Cheibriados (Lair:4)
  3 ettins (Abyss:3)
  3 fire dragons (D:15)
  A yaktaur captain (D:15)
  A great orb of eyes (D:14)
  Fannar (D:12)
  A vault guard (D:14)
  The ghost of SageDae the Severer, a journeyman MDFi of Gozag (D:12)
  3 centaur warriors
  3 ogre magi (D:15)
  15 death yaks
  A dancing weapon (Elf:1)
  21 two-headed ogres
  4 orc high priests
  A vampire mage (Lair:5)
  6 tengu warriors
  The ghost of osoart the Covert, a journeyman SpBr of Nemelex Xobeh (D:10)
  6 skeletal warriors
  5 skysharks
  A sixfirhy (Abyss:3)
  A pharaoh ant (Lair:2)
  An arcanist (D:14)
  A sea snake (Shoals:1)
  A swamp dragon (D:9)
  2 anaconda skeletons (Volcano)
  A flayed ghost (Abyss:3)
  5 orc knights (Orc:2)
  A lindwurm (Lair:3)
  5 orc sorcerers
  2 wolf spiders
  5 deep elf pyromancers
  6 fauns (Shoals:1)
  7 ugly things
  An oklob plant (Gauntlet)
  12 cyclopes
  An alligator skeleton (Volcano)
  A guardian serpent (Lair:5)
  A moth of wrath (Gauntlet)
  4 manticores
  5 kobold blastminers
  11 black mambas
  15 elephants
  11 slime creatures
  A water nymph (Shoals:1)
  A smoke demon (Abyss:2)
  A torpor snail (Lair:2)
  4 merfolk sirens
  5 gargoyles (Volcano)
  23 cane toads
  10 komodo dragons
  Jeremiah (Lair:1)
  4 kobold demonologists
  2 tengu conjurers
  An ancient zyme (Abyss:3)
  2 yaktaurs (D:15)
  Psyche (D:9)
  3 freezing wraiths
  6 polar bears
  5 trolls
  Prince Ribbit (D:7)
  5 merfolk
  2 hornets (Lair:5)
  Grinder (D:5)
  3 wind drakes (Shoals:1)
  A tarantella (Lair:2)
  A harpy skeleton (Volcano)
  10 dream sheep
  22 blink frogs
  A snapping turtle (Shoals:1)
  25 yaks
  A centaur simulacrum (D:15)
  Sigmund (D:4)
  3 shadows (D:10)
  8 wyverns
  A water elemental (D:11)
  A wyvern (shapeshifter) (D:15)
  Grum (D:8)
  A wraith (D:10)
  A human (Lair:5)
  A neqoxec (Abyss:2)
  2 wargs (Orc:2)
  5 redbacks
  6 vampire mosquitoes
  A steam dragon (D:10)
  Edmund (D:6)
  30 water moccasins
  5 acid dragons
  15 orc warriors
  2 ice beasts
  4 laughing skulls
  6 ogres
  A sky beast (D:8)
  3 black bears
  25 wolves
  7 centaurs
  2 phantoms
  3 elf zombies (Ossuary)
  2 weeping skulls
  Blork the orc (D:4)
  3 kobold brigands
  A brain worm (Sewer)
  9 bullfrogs
  2 gnoll sergeants
  5 scorpions
  3 wights (D:7)
  2 burial acolytes (Ossuary)
  3 killer bees (D:9)
  2 howler monkeys
  2 spriggan skeletons (Volcano)
  2 troll skeletons (Volcano)
  A centaur zombie (Ossuary)
  2 bombardier beetles (D:5)
  3 hounds (D:6)
  3 jellies
  Crazy Yiuf (D:6)
  25 orc priests
  2 gnoll boudas
  Jessica (D:3)
  An iguana (D:5)
  30 orc wizards
  3 naga skeletons (Volcano)
  6 hound zombies (Ossuary)
  2 mummies (Ossuary)
  Robin (D:2)
  20 gnolls
  14 adders
  3 river rats (Sewer)
  A shadow imp (D:7)
  A ribbon worm zombie (D:7)
  2 white imps (D:6)
  3 ribbon worms
  2 dart slugs
  43 orcs
  9 ball pythons
  9 bats
  11 endoplasms
  10 giant cockroaches
  12 goblins
  9 hobgoblins
  9 jackals
  21 kobolds
  2 quokkas
  4 frilled lizards
  2 gnoll zombies (Ossuary)
  An orc zombie (Ossuary)
  6 rats
779 creatures vanquished.

Vanquished Creatures (collateral kills)
  A hydra (Lair:5)
  A cane toad (Lair:5)
  3 yaktaurs (D:15)
  A hornet (Lair:5)
  A water moccasin (Lair:5)
7 creatures vanquished.

Vanquished Creatures (others)
  An ettin (Abyss:3)
  A two-headed ogre (D:12)
  A slime creature (D:15)
  An orc wizard (Orc:2)
4 creatures vanquished.

Grand Total: 790 creatures vanquished

Notes
Turn   | Place    | Note
-------+----------+-------------------------------------------
     0 | D:1      | bananaken the Troll Monk began the quest for the Orb.
     0 | D:1      | Reached XP level 1. HP: 22/22 MP: 0/0
   267 | D:1      | Reached XP level 2. HP: 28/29 MP: 1/1
   371 | D:1      | Found a faded altar of an unknown god.
   774 | D:2      | Noticed Robin
   790 | D:2      | Reached XP level 3. HP: 36/36 MP: 2/2
   805 | D:2      | Killed Robin
   888 | D:2      | Reached skill level 4 in Unarmed Combat
   993 | D:2      | Reached XP level 4. HP: 41/44 MP: 3/3
  1357 | D:3      | Identified the +0 chain mail of Curiosity {^Drain rPois
                  | Regen+ Dex+4}
  1363 | D:3      | Reached XP level 5. HP: 49/53 MP: 4/4
  1481 | D:3      | Noticed Jessica
  1487 | D:3      | Killed Jessica
  1488 | D:3      | Reached skill level 1 in Evocations
  1492 | D:3      | Found a shimmering blue altar of Sif Muna.
  1531 | D:3      | Identified the +5 war axe "Mozi" {freeze, rElec rC+++ Will-
                  | Str+3}
  1829 | D:4      | Noticed Sigmund
  1831 | D:4      | Killed Sigmund
  1832 | D:4      | Reached skill level 5 in Unarmed Combat
  1832 | D:4      | Reached XP level 6. HP: 61/61 MP: 5/5
  1928 | D:4      | Found a glowing drain.
  1941 | Sewer    | Entered a sewer
  2230 | Sewer    | Reached XP level 7. HP: 62/68 MP: 4/6
  3199 | D:4      | Noticed Blork the orc
  3205 | D:4      | Killed Blork the orc
  3206 | D:4      | Reached skill level 6 in Unarmed Combat
  3349 | D:5      | Entered Level 5 of the Dungeon
  3440 | D:5      | Noticed Grinder
  3445 | D:5      | Paralysed by Grinder for 4 turns
  3451 | D:5      | Killed Grinder
  3452 | D:5      | Reached XP level 8. HP: 69/79 MP: 7/7
  3572 | D:5      | Reached skill level 7 in Unarmed Combat
  3707 | D:5      | Found a staircase to the Ecumenical Temple.
  4235 | D:6      | Reached skill level 8 in Unarmed Combat
  4239 | D:6      | Reached skill level 5 in Fighting
  4377 | D:6      | Found an iron altar of Okawaru.
  4389 | D:6      | Reached skill level 5 in Dodging
  4412 | D:6      | Reached XP level 9. HP: 84/88 MP: 8/8
  4485 | Temple   | Entered the Ecumenical Temple
  4502 | Temple   | Became a worshipper of the Wu Jian Council
  4502 | Temple   | Reached * piety under Wu Jian
  4502 | Temple   | Reached ** piety under Wu Jian
  4667 | D:6      | Found a runed translucent door.
  4668 | D:6      | Noticed Crazy Yiuf
  4717 | D:6      | Noticed Edmund
  4727 | D:6      | Killed Edmund
  4743 | D:6      | Found a shimmering altar of Xom.
  4901 | D:6      | Killed Crazy Yiuf
  4953 | D:7      | Found an opulent altar of Gozag.
  5001 | D:7      | Noticed Prince Ribbit
  5006 | D:7      | Killed Prince Ribbit
  5105 | D:7      | Found a sand-covered staircase.
  5126 | Ossuary  | Entered an ossuary
  5260 | Ossuary  | Reached skill level 9 in Unarmed Combat
  5551 | D:7      | Reached *** piety under Wu Jian
  5588 | D:7      | Noticed a deep elf pyromancer
  5598 | D:7      | Killed a deep elf pyromancer
  5599 | D:7      | Reached XP level 10. HP: 77/98 MP: 9/9
  5995 | D:7      | Found Cukut's Vocational Training.
  6119 | D:7      | Reached skill level 10 in Unarmed Combat
  6220 | D:8      | Noticed Grum
  6229 | D:8      | Killed Grum
  6371 | D:8      | Noticed a two-headed ogre
  6380 | D:8      | Killed a two-headed ogre
  6381 | D:8      | Reached skill level 1 in Throwing
  6381 | D:8      | Reached skill level 5 in Evocations
  6434 | D:8      | Found a stormy altar of Qazlal.
  6570 | D:8      | Reached skill level 1 in Armour
  6931 | D:8      | Found a burning altar of Makhleb.
  7351 | D:9      | Found a sparkling altar of Nemelex Xobeh.
  7352 | D:9      | Noticed Psyche
  7357 | D:9      | Killed Psyche
  7381 | D:9      | Found a staircase to the Lair.
  7381 | D:9      | Noticed a cyclops
  7383 | D:9      | a cyclops changed into a swamp dragon
  7383 | D:9      | Noticed a swamp dragon
  7392 | D:9      | Killed a swamp dragon
  7393 | D:9      | Reached skill level 11 in Unarmed Combat
  7479 | D:9      | Reached **** piety under Wu Jian
  7488 | D:9      | Reached XP level 11. HP: 90/107 MP: 10/10
  7796 | D:9      | Found a blossoming altar of Fedhas.
  7890 | D:9      | Noticed a two-headed ogre
  7901 | D:9      | Killed a two-headed ogre
  7974 | Lair:1   | Entered Level 1 of the Lair of Beasts
  8373 | Lair:1   | Noticed Jeremiah
  8383 | Lair:1   | Killed Jeremiah
  8600 | Lair:1   | Reached skill level 12 in Unarmed Combat
  9545 | Lair:2   | Reached XP level 12. HP: 105/119 MP: 9/11
  9562 | Lair:2   | Found a hole to the Spider Nest.
  9956 | Lair:2   | Found a staircase to the Shoals.
  9961 | Lair:2   | Reached skill level 13 in Unarmed Combat
  9965 | Lair:2   | Reached skill level 5 in Throwing
 10241 | Lair:3   | Found a dark tunnel.
 10248 | Volcano  | Entered a volcano
 10297 | Volcano  | Reached ***** piety under Wu Jian
 10589 | Volcano  | Reached skill level 5 in Armour
 11062 | Lair:3   | Reached XP level 13. HP: 81/128 MP: 8/12
 11194 | Lair:3   | You fall into a shaft and drop 2 floors!
 11194 | Lair:5   | Entered Level 5 of the Lair of Beasts
 11201 | Lair:5   | Reached skill level 14 in Unarmed Combat
 11257 | Lair:5   | Got an earthy gem with 1086 turns to spare
 11458 | Lair:5   | Found a gate leading to a gauntlet.
 11531 | Gauntlet | Entered a Gauntlet
 11531 | Gauntlet | Found a transporter.
 11579 | Gauntlet | Found a large runed translucent door.
 11580 | Gauntlet | Found a large runed translucent door.
 11581 | Gauntlet | Found a large runed translucent door.
 11581 | Gauntlet | Found a large runed translucent door.
 11581 | Gauntlet | Found a runed translucent door.
 11581 | Gauntlet | Found a runed translucent door.
 11582 | Gauntlet | Found a large runed translucent door.
 11583 | Gauntlet | Found a large runed translucent door.
 11584 | Gauntlet | Found a large runed translucent door.
 11584 | Gauntlet | Found a large runed translucent door.
 11585 | Gauntlet | Found a large runed translucent door.
 11585 | Gauntlet | Found a large runed translucent door.
 11585 | Gauntlet | Found a large runed translucent door.
 11585 | Gauntlet | Found a large runed translucent door.
 11586 | Gauntlet | Found a large runed translucent door.
 11586 | Gauntlet | Found a large runed translucent door.
 11587 | Gauntlet | Found a large runed translucent door.
 11587 | Gauntlet | Found a transporter.
 11587 | Gauntlet | Found a large runed translucent door.
 11589 | Gauntlet | Found a transporter.
 11591 | Gauntlet | Found a transporter.
 11600 | Gauntlet | Found a runed translucent gate.
 11600 | Gauntlet | Found a runed translucent gate.
 11600 | Gauntlet | Found a runed translucent gate.
 11602 | Gauntlet | Found a transporter.
 11617 | Gauntlet | Found a transporter.
 11622 | Gauntlet | Found a transporter.
 11637 | Gauntlet | Found a transporter.
 11656 | Gauntlet | Found a transporter.
 11671 | Gauntlet | Found a transporter.
 11674 | Gauntlet | Noticed a green death
 11680 | Gauntlet | Found a transporter.
 11692 | Gauntlet | Found a transporter.
 11704 | Gauntlet | Found a transporter.
 11721 | Gauntlet | Found a transporter.
 11739 | Gauntlet | Found a transporter.
 11741 | Gauntlet | Found a transporter.
 11768 | Gauntlet | Found a transporter.
 11846 | Gauntlet | Found a transporter.
 12247 | Gauntlet | Identified the +7 dagger of Calamity {antimagic, Int+2}
 12268 | Gauntlet | Identified the amulet of Jurraev {Spirit ^Fragile rN++
                  | Int+5}
 12268 | Gauntlet | Noticed a minotaur
 12274 | Gauntlet | Killed a minotaur
 12312 | Gauntlet | Identified the +0 leather armour "Iburof" {rElec rPois rN++
                  | Int-2}
 12312 | Gauntlet | Identified the +9 scimitar of an ice cave {drain, rF+}
 12313 | Gauntlet | Got the Compendium of Quantum Arcane Combat
 12383 | Lair:5   | Noticed Rupert
 12403 | Lair:5   | Killed Rupert
 12403 | Lair:5   | Reached skill level 15 in Unarmed Combat
 12794 | Lair:5   | Reached XP level 14. HP: 94/140 MP: 7/13
 12897 | Lair:5   | Found a runed translucent door.
 13148 | Lair:5   | Reached ****** piety under Wu Jian
 13883 | Lair:4   | Identified the +1 trident of the Tent {pain, rPois rC-
                  | Str-3 Dex+6 SInv}
 13924 | Lair:4   | Found a staircase to the Slime Pits.
 14085 | Lair:4   | Identified the death talisman "Biheum Camag" {Will+}
 14347 | Lair:4   | a five-headed hydra changed into a broodmother
 14347 | Lair:4   | Noticed a broodmother
 14354 | Lair:4   | Killed a broodmother
 14355 | Lair:4   | Reached skill level 16 in Unarmed Combat
 14412 | Lair:4   | Reached skill level 10 in Fighting
 14465 | Lair:4   | Noticed Munuj's ghost (journeyman MDFi)
 14467 | Lair:4   | Found a runed translucent door.
 14494 | Lair:4   | Killed Munuj's ghost
 15569 | D:10     | Entered Level 10 of the Dungeon
 15856 | D:10     | Found a runed translucent gate.
 15856 | D:10     | Found a runed translucent gate.
 15856 | D:10     | Found a runed translucent gate.
 15858 | D:10     | Noticed osoart's ghost (journeyman SpBr)
 16004 | D:10     | Found a staircase to the Orcish Mines.
 16181 | D:10     | Found a broken altar of Ashenzari.
 16435 | D:10     | Killed osoart's ghost
 16702 | D:11     | Reached XP level 15. HP: 123/149 MP: 11/14
 17345 | D:12     | Noticed SageDae's ghost (journeyman MDFi)
 17348 | D:12     | Found a transporter.
 17558 | D:12     | Noticed Fannar
 17564 | D:12     | Killed Fannar
 18306 | D:12     | Found a transporter.
 18434 | D:12     | Killed SageDae's ghost
 18591 | D:12     | Reached skill level 17 in Unarmed Combat
 18653 | D:12     | Identified a scroll of acquirement
 18704 | Orc:1    | Entered Level 1 of the Orcish Mines
 19142 | Orc:1    | Found a roughly hewn altar of Beogh.
 19272 | Orc:2    | Entered Level 2 of the Orcish Mines
 19455 | Orc:2    | Found Igyre's Armour Shop.
 19463 | Orc:2    | Bought a +0 tower shield for 54 gold pieces
 19544 | Orc:2    | Found a staircase to the Elven Halls.
 19585 | Orc:2    | Reached skill level 1 in Shields
 19819 | Orc:2    | Found Piseugud's Armour Shoppe.
 19824 | Orc:2    | Found Urghafock's Book Shop.
 19831 | Orc:2    | Found Qaijol's Jewellery Shop.
 19833 | Orc:2    | Found Oqeol's Weapon Shoppe.
 19910 | Elf:1    | Entered Level 1 of the Elven Halls
 20904 | D:14     | Found a gate to the Vaults.
 21344 | D:14     | Found an iron altar of Okawaru.
 21371 | D:14     | Found a portal to a secret trove of treasure.
 21638 | D:14     | Reached skill level 18 in Unarmed Combat
 21967 | D:15     | Entered Level 15 of the Dungeon
 22006 | D:15     | Reached XP level 16. HP: 147/162 MP: 15/15
 22065 | D:15     | Found a staircase to the Depths.
 22199 | D:15     | Noticed Jorgrun
 22332 | D:15     | Found a snail-covered altar of Cheibriados.
 22431 | D:15     | Killed Jorgrun
 22508 | D:15     | Noticed Agnes
 22513 | D:15     | Found a hazy altar of Hepliaklqana.
 22929 | D:15     | Reached skill level 10 in Evocations
 23113 | D:15     | Killed Agnes
 23284 | Depths:1 | Entered Level 1 of the Depths
 23288 | Depths:1 | Noticed a sphinx
 23303 | Depths:1 | Killed a sphinx
 23534 | Shoals:1 | Entered Level 1 of the Shoals
 23543 | Shoals:1 | Reached skill level 5 in Shields
 23733 | Shoals:1 | Noticed Mlioglotl
 23740 | Shoals:1 | Killed Mlioglotl
 24012 | Shoals:1 | Found an ancient bone altar of Kikubaaqudgha.
 24155 | Shoals:1 | Reached skill level 19 in Unarmed Combat
 24217 | Shoals:1 | Noticed Louise
 24217 | Abyss:2  | Cast into level 2 of the Abyss (Louise)
 24290 | Abyss:2  | Found a corrupted altar of Lugonu.
 24327 | Abyss:2  | Noticed an Executioner
 24352 | Abyss:2  | Killed an Executioner
 24353 | Abyss:2  | Found a corrupted altar of Lugonu.
 24389 | Abyss:3  | Found a corrupted altar of Lugonu.
 24441 | Abyss:3  | Found a corrupted altar of Lugonu.
 24515 | Abyss:3  | HP: 3/152 [ettin/+0 giant club of distortion (35)]
 24515 | Abyss:3  | HP: 1/152 [ettin/+0 giant club of distortion (2)]
 24515 | Abyss:3  | Demolished by an ettin

Illustrated notes

Levels and vault maps discovered:
D:1:      dpeg_arrival_castle, layout_loops_ring, shapermc_ecumenical_altar_gd
D:2:      layout_rooms, minmay_close_crescents, uniq_robin
D:3:      layout_basic, tgw_sif, minmay_liquid_box, nicolae_grassy_gnolls
D:4:      layout_basic, gup_sewer_entry_bubbles, kennysheep_potato,
          uniq_sigmund, uniq_blork_the_orc
D:5:      layout_loops_cross, minmay_temple_entry_purple_smoke, uniq_grinder
D:6:      layout_loops_ring, general_overflow_altar,
          mainiacjoe_overflow_alcove_2, uniq_edmund, uniq_crazy_yiuf_cottage
D:7:      layout_gridville, grunt_gozag_breadcrumbs, enter_ossuary_3,
          nicolae_shop_vocational, uniq_prince_ribbit1
D:8:      layout_layer_cave, lemuel_coloured_pillars_altar, grunt_qazlal_clouds,
          uniq_grum
D:9:      layout_roguey, mainiacjoe_overflow_tiny_flanked, fedhas_altar_4,
          lair_entry_dummy, uniq_psyche
D:10:     minmay_flawed_box, layout_stronghold,
          mainiacjoe_overflow_cross_hatched, david_orc_2,
          gammafunk_ghost_spectres, patterned_corridor
D:11:     layout_loops_ring, serial_bayou_ford_a
D:12:     layout_layer_cave, gammafunk_ghost_smash, uniq_fannar
D:13:     layout_gridville, lemuel_old_faithful
D:14:     layout_grid_maze, hellmonk_vaults_order_and_chaos, enter_trove_3,
          okawaru_gym_becter, columned_hall_lemuel
D:15:     grunt_enter_depths_hoard, layout_irregular_city,
          nicolae_hepliaklqana_hazy_memory, minmay_ruined_shrine, uniq_agnes,
          uniq_jorgrun
Temple:   nicolae_temple_figure_eight
Lair:1:   layout_small_grid, uniq_jeremiah
Lair:2:   layout_chaotic_city, elwin_shoals_entry_stream,
          nicolae_spider_entry_lesser_pyramids, wad_woods_road_03
Lair:3:   layout_small_grid, nicolae_volcano_entry_two_sided,
          beast_lair_carwin_9
Lair:4:   layout_gridlike, slime_entry_2, hellmonk_ghost_happy_afterlife,
          st_stairs_5, nicolae_quartered_pool_medium
Lair:5:   hangedman_lair_tendril_chambers, layout_hall_layers,
          gauntlet_entry_generic, pdpol_lair_cabin_in_the_woods,
          infiniplex_staircase_pool_2, uniq_rupert
Shoals:1: layout_shoals, lemuel_centaur_altar, uniq_mlioglotl, uniq_louise
Orc:1:    layout_caves, library_closet, nicolae_orc_stalacmites,
          lemuel_statue_altar, nicolae_orc_seminary
Orc:2:    st_orc_elflike, layout_caves, serial_shops, shop
Elf:1:    eino_elf_arrival_shootout, layout_onion_city, serial_shops, shop,
          nicolae_elf_blasts_and_bolts
Depths:1: layout_long_grid, enter_ziggurat_a, serial_bayou_lagoon_a, pan_entry,
          lightli_too_deep, abyss_entry_flame_altar, kennysheep_generic_room_8
Abyss:3:  base: Vaults:2, evilmike_abyss_rune_ettins

Skill      XL: |  1  2  3  4  5  6  7  8  9 10 11 12 13 14 15 16 |
---------------+-------------------------------------------------+-----
Unarmed Combat | 4 5 6 8 9 11 12 13 15 16 18 19 | 19.1
Fighting       | 3 4 5 6 7 8 9 10 11 | 11.9
Dodging        | 3 4 5 6 7 8 |  8.0
Evocations     | 1 2 3 4 5 6 7 8 9 10 | 10.4
Throwing       | 2 4 6 7 |  7.6
Armour         | 2 4 5 6 |  6.7
Shields        | 3 5 |  5.7

Action                     |  1- 3 |  4- 6 |  7- 9 | 10-12 | 13-15 | 16-18 || total
---------------------------+-------+-------+-------+-------+-------+-------++-------
  Melee: Unarmed           |    79 |   119 |   248 |   539 |  1104 |   278 ||  2367
  Throw: Dart              |       |       |       |     3 |       |       ||     3
         Large rock        |       |       |       |       |    15 |    11 ||    26
 Invoke: Serpent's Lash    |       |       |       |     4 |    14 |     6 ||    24
Ability: Lunge             |       |       |     2 |    35 |    85 |    22 ||   144
         Whirlwind         |       |       |       |    54 |   134 |    53 ||   241
         Wall Jump         |       |       |       |     2 |     3 |     2 ||     7
  Evoke: Wand              |       |     6 |     1 |     2 |    16 |    11 ||    36
         Phantom mirror    |       |       |       |       |     2 |     1 ||     3
         Box of beasts     |       |       |       |       |     1 |     1 ||     2
    Use: Scroll            |       |     5 |     4 |       |    24 |     9 ||    42
         Potion            |       |       |       |     9 |    11 |    13 ||    33
 Armour: Robe              |    51 |    62 |   153 |    43 |       |       ||   309
         Skin              |     5 |       |       |    30 |    76 |       ||   111
         Acid dragon scale |       |       |       |   329 |   684 |   267 ||  1280
  Dodge: Dodged            |    31 |    51 |   103 |   237 |   405 |    87 ||   914
  Block: Tower shield      |       |       |       |       |   132 |   236 ||   368

Table legend: (Time is in decaauts)
 A = Elapsed time spent in this place.
 B = Non-inter-level travel time spent in this place.
 C = Inter-level travel time spent in this place.
 D = Time resting spent in this place.
 E = Time spent auto-exploring this place.
 F = Levels seen in this place.
 G = Mean time per level.
                   A        B        C        D        E       F      G
               +--------+--------+--------+--------+--------+-----+--------+
         Total |  24109 |  22385 |   1724 |   2154 |  15309 |  32 |  753.4 |
       Dungeon |  13471 |  12155 |   1316 |    769 |   9307 |  15 |  898.1 |
        Temple |     32 |      2 |     30 |      0 |      0 |   1 |   32.0 |
          Lair |   6120 |   5833 |    287 |    929 |   3685 |   5 | 1224.0 |
        Shoals |    672 |    672 |      0 |    127 |    346 |   1 |  672.0 |
  Orcish Mines |   1399 |   1309 |     90 |    145 |    953 |   2 |  699.5 |
   Elven Halls |      7 |      7 |      0 |      0 |      0 |   1 |    7.0 |
        Depths |     26 |     26 |      0 |      2 |      0 |   1 |   26.0 |
         Abyss |    249 |    249 |      0 |     26 |     90 |   2 |  124.5 |
         Sewer |    483 |    483 |      0 |      0 |    225 |   1 |  483.0 |
       Ossuary |    371 |    371 |      0 |      0 |    264 |   1 |  371.0 |
       Volcano |    490 |    490 |      0 |     80 |    144 |   1 |  490.0 |
      Gauntlet |    784 |    784 |      0 |     74 |    295 |   1 |  784.0 |
               +--------+--------+--------+--------+--------+-----+--------+

Top non-repeatable levels by time:
  Lair:5: 1737 daAuts
    D:12: 1363 daAuts
    D:15: 1306 daAuts
  Lair:1: 1233 daAuts
    D:14: 1202 daAuts
  Lair:2: 1165 daAuts
     D:4: 1103 daAuts
     D:8: 1078 daAuts
  Lair:4: 1003 daAuts
    D:10: 1002 daAuts
  Lair:3: 980 daAuts
     D:6: 882 daAuts
    D:11: 870 daAuts
Gauntlet: 784 daAuts
     D:1: 768 daAuts
